 Dungeon Crawl Stone Soup version 0.30-a0-1074-g5db6f66fbb (webtiles) character file.

Game seed: 394759903033768268

13452 KristoblXynda the Covert (level 11, -12/62 HPs)
             Began as a Spriggan Berserker on Apr 14, 2023.
             Was an Elder of Trog.
             Killed from afar by Azrael (32 damage)
             ... with a bolt of fire
             ... on level 12 of the Dungeon.
             The game lasted 00:18:58 (17466 turns).

KristoblXynda the Covert (Spriggan Berserker)      Turns: 17466, Time: 00:18:58

Health: -12/62     AC:  9    Str: 15    XL:     11   Next: 75%
Magic:  12/12      EV: 29    Int: 12    God:    Trog [****..]
Gold:   864        SH:  0    Dex: 14    Spells: 10/10 levels left

rFire   . . .      SeeInvis +    a - +2 short sword (freeze)
rCold   . . .      Faith    .    (no shield)
rNeg    . . .      Spirit   .    d - +0 steam dragon scales
rPois   .          Reflect  .    q - +2 hat
rElec   .          Rampage  .    x - +0 cloak
rCorr   .                        (gloves unavailable)
Will    ++++.                    (boots unavailable)
Stlth   +++++                    (no amulet)
HPRegen 1.30/turn                h - +5 ring of evasion
MPRegen 0.13/turn                r - ring of willpower

@: strong-willed, regenerating, studying Fighting, very quick
A: very small, no large weapons, unfitting armour, see invisible, speed 3
a: Renounce Religion, Berserk, Trog's Hand, Brothers in Arms


You were on level 12 of the Dungeon.
You worshipped Trog.
Trog was greatly pleased with you.
You visited 2 branches of the dungeon, and saw 13 of its levels.
You also visited: Sewer.

You collected 864 gold pieces.

Inventory:

Hand Weapons
 a - a +2 short sword of freezing (weapon)
Armour
 d - +0 steam dragon scales (worn)
 q - a +2 hat (worn)
 x - a +0 cloak (worn)
Jewellery
 h - a +5 ring of evasion (left hand)
 r - a ring of willpower (right hand)
 A - a ring of positive energy
 C - a +6 ring of intelligence
 E - a ring of poison resistance
Wands
 f - a wand of digging (3)
 B - a wand of mindburst (8)
 D - a wand of acid (3)
 F - a wand of iceblast (6)
Scrolls
 b - a scroll of fear
 c - a scroll of magic mapping
 j - 6 scrolls of teleportation
 k - 3 scrolls of amnesia
 o - 4 scrolls of fog
 v - 2 scrolls of silence
 y - a scroll of immolation
 H - a scroll of blinking
Potions
 e - 3 potions of resistance
 g - 4 potions of flight
 i - 5 potions of invisibility
 l - 2 potions of attraction {unknown}
 m - 2 potions of curing
 n - 2 potions of haste
 p - 2 potions of magic
 s - 3 potions of berserk rage {unknown}
 t - 3 potions of cancellation
 u - a potion of mutation {unknown}
 w - 3 potions of heal wounds
 z - a potion of lignification {unknown}
 G - 2 potions of might {unknown}
 I - a potion of ambrosia {unknown}


   Skills:
 + Level 9.1 Fighting
 + Level 10.4 Short Blades
 - Level 5.0 Armour
 + Level 12.3 Dodging
 + Level 13.6 Stealth


You had 10 spell levels left.
You didn't know any spells.
Your spell library contained the following spells:

 Spells                   Type           Power      Damage    Failure   Level
 Apportation              Tloc           0%         N/A       32%         1
 Beastly Appendage        Tmut           0%         N/A       32%         1
 Necrotise                Necr           0%         1d4       32%         1
 Summon Small Mammal      Summ           0%         N/A       32%         1
 Ensorcelled Hibernation  Hex/Ice        0%         N/A       45%         2
 Passwall                 Tmut/Erth      0%         N/A       45%         2
 Scorch                   Fire           0%         2d5       45%         2
 Sublimation of Blood     Necr           0%         N/A       45%         2
 Wereblood                Tmut           0%         N/A       45%         2
 Spider Form              Tmut/Pois      0%         N/A       69%         3
 Swiftness                Air            0%         N/A       69%         3
 Anguish                  Hex/Necr       0%         N/A       97%         4
 Flame Wave               Conj/Fire      0%         2d4       97%         4
 Petrify                  Tmut/Erth      0%         N/A       97%         4
 Irradiate                Conj/Tmut      0%         3d11      100%        5
 Summon Cactus Giant      Summ           0%         N/A       100%        6


Dungeon Overview and Level Annotations

Branches:
Dungeon (12/15)            Temple (1/1) D:7            Lair (0/5) D:8
    Orc (0/2) D:10          Sewer (visited)

Altars:
Ashenzari
Cheibriados
Dithmenos
Elyvilon
Fedhas
Gozag
Hepliaklqana
Kikubaaqudgha
Makhleb
Nemelex Xobeh
Okawaru
Qazlal
Ru
Sif Muna
Trog
Uskayaw
Vehumet
Wu Jian
Xom
Yredelemnul
Zin
The Shining One

Annotations:
D:12 Azrael


Innate Abilities, Weirdness & Mutations

You are very small and have problems with some larger weapons.
You are too small for most types of armour.
You have supernaturally acute eyesight. (SInv)
You cover ground extremely quickly. (Speed+++)


Message History

You fail to use your ability.
The fire elemental completely misses you.
Unknown command.
Okay, then.
Unknown command.
You fail to use your ability.
The fire elemental completely misses you.
Unknown command.
You hit the fire elemental. You freeze the fire elemental.
The fire elemental is moderately damaged.
The fire elemental completely misses you.
You hit the fire elemental. You freeze the fire elemental.
The fire elemental is moderately damaged.
The fire elemental completely misses you.
You hit the fire elemental but do no damage.
The fire elemental is moderately damaged.
The fire elemental hits you. The fire elemental burns you!
You hit the fire elemental but do no damage.
The fire elemental is moderately damaged.
You hit the fire elemental. You freeze the fire elemental.
The fire elemental is severely damaged.
The fire elemental completely misses you.
You hit the fire elemental. You freeze the fire elemental.
The fire elemental is severely damaged.
You hit the fire elemental. You freeze the fire elemental.
The fire elemental is almost destroyed.
The fire elemental barely misses you.
You hit the fire elemental but do no damage.
The fire elemental is almost destroyed.
Azrael whirls about in circles.
The fire elemental hits you. The fire elemental burns you!
* * * LOW HITPOINT WARNING * * *
You puncture the fire elemental! You freeze the fire elemental.
You destroy the fire elemental!
Trog accepts your kill. Azrael gestures at you.
The bolt of fire hits the fire elemental.
The fire elemental completely resists.
The bolt of fire hits you!!
Ouch! That really hurt!
You die...

###.....###.# #...##.# #.
#...._......## #.####.#
#.##.#.....##...#####.# #.#
####.#..#☼...°####.##....# #.#
##.......###.### #.##.#### .#
.#..........#.# #....# .#
........(.....# ##).##
#.............######)).##
#......<........@....#..#
##...........##...E.###.#
##...##.......#).#☼###○## #
...####...#.##.#..#.RE°E○## .#
#.
####.#.#.......#####W°.##..#
#..#......####..#..####☼#.°..#
.....##.##
##.##...##.###○.....
.##.....### #...##..#.##
#○°.## .#..###...#
###..##..... .○°°#


You could see Azrael and 2 fire elementals.

Vanquished Creatures
  3 two-headed ogres
  A tengu warrior (D:8)
  Pikel (D:7)
  A cyclops (D:11)
  A manticore (D:8)
  Joseph (D:9)
  3 unseen horror zombies (D:9)
  A troll (D:9)
  The ghost of Azuvok the Chopper, an amateur MiFi (D:4)
  9 yaks (D:11)
  2 shadows (D:11)
  Eustachio (D:5)
  A fire elemental (D:12)
  2 wyverns
  3 wraiths
  2 steam dragons
  A warg (D:10)
  An acid dragon (D:10)
  3 water moccasins
  A hell hound (D:12)
  A sky beast (D:8)
  A hornet zombie (D:9)
  7 orc warriors
  A black bear (D:7)
  3 ice beasts
  An ogre (D:6)
  9 centaurs
  A phantom (D:6)
  2 lemures (D:7)
  2 kobold brigands
  5 bullfrogs
  2 scorpions
  16 wights
  5 killer bees (D:8)
  4 howler monkeys
  4 centaur zombies (D:9)
  3 jellies
  A gnoll bouda (D:8)
  A hound (D:8)
  5 orc priests
  4 iguanas
  3 sleepcaps
  Terence (D:2)
  8 orc wizards
  A howler monkey zombie (D:9)
  8 gnolls
  7 adders
  5 river rats
  2 shadow imps
  An ufetubus (D:6)
  A worm (D:2)
  5 dart slugs
  34 orcs
  10 ball pythons
  4 endoplasms
  4 giant cockroaches
  7 goblins
  10 hobgoblins
  4 jackals
  22 kobolds
  6 quokkas
  5 bats (D:1)
  11 frilled lizards
  6 rats
282 creatures vanquished.

Vanquished Creatures (others)
  A bullfrog (D:6)
  A plant (D:1)
2 creatures vanquished.

Grand Total: 284 creatures vanquished

Notes
Turn   | Place    | Note
-------+----------+-------------------------------------------
     0 | D:1      | KristoblXynda the Spriggan Berserker began the quest for
                  | the Orb.
     0 | D:1      | Reached XP level 1. HP: 11/11 MP: 2/2
    93 | D:1      | Reached skill level 1 in Stealth
   105 | D:1      | Reached XP level 2. HP: 16/16 MP: 3/3
   535 | D:1      | Found a faded altar of an unknown god.
   649 | D:1      | Reached XP level 3. HP: 17/19 MP: 4/4
   844 | D:1      | Reached skill level 2 in Stealth
  1117 | D:1      | Reached ** piety under Trog
  1408 | D:2      | Noticed Terence
  1424 | D:2      | Killed Terence
  1425 | D:2      | Reached XP level 4. HP: 5/23 MP: 5/5
  1808 | D:2      | Reached skill level 5 in Dodging
  1808 | D:2      | Reached skill level 3 in Stealth
  1975 | D:2      | Found a basalt altar of Yredelemnul.
  2619 | D:3      | Found a hazy altar of Hepliaklqana.
  2619 | D:3      | Noticed a +0 short sword
  2619 | D:3      | Noticed a +0 falchion
  2624 | D:3      | Noticed a +0 short sword
  2624 | D:3      | Noticed a +0 dagger
  2625 | D:3      | Noticed a +0 spear
  2625 | D:3      | Noticed a +0 falchion
  2626 | D:3      | Noticed a +0 dagger
  2627 | D:3      | Noticed a +0 spear
  2640 | D:3      | Found a hide-covered altar of Uskayaw.
  2704 | D:3      | Found a stormy altar of Qazlal.
  3295 | D:4      | Noticed an orc warrior
  3314 | D:4      | Reached XP level 5. HP: 28/28 MP: 6/6
  3315 | D:4      | Killed an orc warrior
  3316 | D:4      | Reached skill level 4 in Stealth
  3338 | D:4      | Identified the -1 pair of boots of Birdsong {rN+}
  3401 | D:4      | Reached XP level 6. HP: 17/32 MP: 7/7
  3581 | D:4      | Found a runed translucent gate.
  3581 | D:4      | Found a runed translucent gate.
  3581 | D:4      | Found a runed translucent gate.
  3583 | D:4      | Noticed Azuvok's ghost (amateur MiFi)
  3584 | D:4      | Identified the +7 chain mail of the Slightly Bent {-Cast
                  | *Slow rC+++ Regen+}
  3585 | D:4      | Identified the +8 chain mail of Generosity {rElec rC-
                  | Str+3}
  3585 | D:4      | Noticed an orc warrior
  4000 | D:4      | Reached skill level 5 in Stealth
  4026 | D:4      | Reached *** piety under Trog
  4079 | D:4      | Found a glowing drain.
  4089 | Sewer    | Entered a sewer
  4181 | Sewer    | Reached skill level 5 in Short Blades
  4642 | D:5      | Entered Level 5 of the Dungeon
  5029 | D:5      | Reached XP level 7. HP: 37/37 MP: 8/8
  5565 | D:5      | Reached skill level 6 in Stealth
  5623 | D:5      | Found a glowing silver altar of Zin.
  5659 | D:5      | Found a blossoming altar of Fedhas.
  5925 | D:5      | Noticed Eustachio
  6376 | D:5      | Killed Eustachio
  6818 | D:6      | Reached skill level 7 in Stealth
  6818 | D:6      | Reached XP level 8. HP: 27/42 MP: 9/9
  7081 | D:6      | Found a broken altar of Ashenzari.
  7368 | D:6      | Reached skill level 8 in Stealth
  7381 | D:6      | Reached skill level 5 in Fighting
  7895 | D:7      | Found a staircase to the Ecumenical Temple.
  7902 | Temple   | Entered the Ecumenical Temple
  8169 | D:7      | Found a sparkling altar of Nemelex Xobeh.
  8170 | D:7      | Found an opulent altar of Gozag.
  8195 | D:7      | Reached skill level 1 in Armour
  8371 | D:7      | Reached XP level 9. HP: 33/47 MP: 10/10
  8467 | D:7      | Noticed Pikel
  8509 | D:7      | Reached skill level 9 in Stealth
  8698 | D:7      | Found a white marble altar of Elyvilon.
  8954 | D:7      | Found an ancient bone altar of Kikubaaqudgha.
  8986 | D:7      | Killed Pikel
  9955 | D:4      | Reached skill level 10 in Stealth
  9971 | D:4      | Killed Azuvok's ghost
 10645 | D:8      | Reached XP level 10. HP: 53/53 MP: 11/11
 11074 | D:8      | Reached skill level 10 in Dodging
 11443 | D:8      | Found a shadowy altar of Dithmenos.
 11474 | D:8      | Found a snail-covered altar of Cheibriados.
 11539 | D:8      | Found a burning altar of Makhleb.
 11683 | D:8      | Found a staircase to the Lair.
 11732 | D:8      | Noticed a manticore
 11741 | D:8      | Killed a manticore
 11742 | D:8      | Reached skill level 11 in Stealth
 11747 | D:8      | Noticed a tengu warrior
 12039 | D:8      | Killed a tengu warrior
 12436 | D:9      | Noticed Joseph
 12452 | D:9      | Killed Joseph
 12630 | D:9      | Found a sacrificial altar of Ru.
 12845 | D:9      | Reached **** piety under Trog
 13203 | D:9      | Found a basalt altar of Yredelemnul.
 13209 | D:9      | Reached skill level 12 in Stealth
 13253 | D:9      | Noticed a two-headed ogre
 13279 | D:9      | Killed a two-headed ogre
 13280 | D:9      | Reached XP level 11. HP: 44/59 MP: 12/12
 13724 | D:9      | Found a shimmering altar of Xom.
 13915 | D:10     | Entered Level 10 of the Dungeon
 14507 | D:10     | Found a staircase to the Orcish Mines.
 14978 | D:10     | Noticed a two-headed ogre
 14991 | D:10     | Killed a two-headed ogre
 15378 | D:11     | HP: 2/90 [yak (12)]
 15707 | D:11     | Reached skill level 10 in Short Blades
 15962 | D:11     | Reached skill level 13 in Stealth
 16181 | D:11     | Reached skill level 5 in Armour
 16328 | D:11     | Noticed a two-headed ogre
 16338 | D:11     | Killed a two-headed ogre
 17145 | D:12     | Found an ancient bone altar of Kikubaaqudgha.
 17409 | D:12     | Noticed Azrael
 17466 | D:12     | Killed from afar by Azrael

Illustrated notes

Levels and vault maps discovered:
D:1:      tarquinn_simple_flora_water_d, layout_basic, basic_ecumenical_altar
D:2:      layout_basic, basic_altar, minmay_misc_feat_diagonals,
          chequers_serial_rivers_micro_b, dk_noncrumbling_4,
          chequers_serial_rivers_room_a, uniq_terence
D:3:      layout_basic, nicolae_uskayaw_en_pointe, overflow_temple_1_default,
          grunt_qazlal_clouds, kennysheep_generic_room_10
D:4:      layout_basic, biasface_ghost_orc_armoury, portal_sewer_entry_e,
          guppyfry_early_orc_mine
D:5:      layout_rooms, general_overflow_altar, nicolae_overflow_crystal_walls,
          hangedman_decor_points, uniq_eustachio
D:6:      layout_basic, ashenzari_conservatory_becter, dk_rats_in_the_wall
D:7:      wander_river, layout_basic, grunt_temple_overflow_opulence,
          mainiacjoe_overflow_24_doors, old_standard_altar, temple_green,
          serial_curves, eino_curves_02, eino_curves_03, hex_intersection,
          uniq_pikel
D:8:      layout_basic, makhleb_blood_cavern_becter,
          mainiacjoe_overflow_two_lobes, lair_entry_dummy, minmay_manual_mullet
D:9:      layout_roguey, mainiacjoe_overflow_boulevard,
          nicolae_yredelemnul_corpse_copse, nicolae_ru_sacrificial_ziggurat,
          grunt_ministairs_5, kennysheep_generic_room_9, uniq_joseph
D:10:     layout_basic, david_orc_1_choice
D:11:     layout_loops_ring
D:12:     layout_rooms, nicolae_kikubaaqudgha_miasma_corner, uniq_azrael
Temple:   nicolae_temple_bog_church

Skill      XL: |  1  2  3  4  5  6  7  8  9 10 11 |
---------------+----------------------------------+-----
Stealth        | 1 2 3 4 5 7 8 10 12 13 | 13.6
Short Blades   | 4 5 6 7 8 9 10 | 10.4
Fighting       | 3 4 5 6 7 9 |  9.1
Dodging        | 5 6 7 8 9 11 12 | 12.3
Armour         | 1 2 4 5 |  5.0

Action                     |  1- 3 |  4- 6 |  7- 9 | 10-12 || total
---------------------------+-------+-------+-------+-------++-------
  Melee: Short sword       |   140 |   315 |   673 |   975 ||  2103
         Punch             |     1 |     4 |    14 |    13 ||    32
 Invoke: Berserk           |     2 |     2 |    12 |    10 ||    26
         Trog's Hand       |       |       |     1 |     2 ||     3
    Use: Scroll            |       |    11 |     6 |     8 ||    25
   Stab: Sleeping          |     6 |    16 |    16 |    22 ||    60
         Distracted        |       |     1 |     1 |     1 ||     3
 Armour: Animal skin       |    15 |    13 |     3 |       ||    31
         Steam dragon scal |       |       |    29 |    82 ||   111
  Dodge: Dodged            |    99 |   230 |   513 |   817 ||  1659

Table legend: (Time is in decaauts)
 A = Elapsed time spent in this place.
 B = Non-inter-level travel time spent in this place.
 C = Inter-level travel time spent in this place.
 D = Time resting spent in this place.
 E = Time spent auto-exploring this place.
 F = Levels seen in this place.
 G = Mean time per level.
                   A        B        C        D        E       F      G
               +--------+--------+--------+--------+--------+-----+--------+
         Total |  13404 |  13060 |    344 |   4928 |   5673 |  14 |  957.4 |
       Dungeon |  12934 |  12602 |    332 |   4923 |   5369 |  12 | 1077.8 |
        Temple |    134 |    122 |     12 |      0 |    117 |   1 |  134.0 |
         Sewer |    335 |    335 |      0 |      5 |    186 |   1 |  335.0 |
               +--------+--------+--------+--------+--------+-----+--------+

Top non-repeatable levels by time:
     D:7: 1569 daAuts
     D:8: 1538 daAuts
     D:4: 1379 daAuts
    D:10: 1287 daAuts
     D:5: 1227 daAuts
     D:6: 1156 daAuts
    D:11: 1141 daAuts
     D:9: 1129 daAuts
     D:1: 902 daAuts
     D:2: 727 daAuts
     D:3: 547 daAuts
   Sewer: 335 daAuts
    D:12: 328 daAuts
  Temple: 134 daAuts
